 Dungeon Crawl Stone Soup version 0.31-a0-1025-g2e47921a08 (webtiles) character file.

Game seed: 14138383287218513464

74 Monkfish the Cutter (level 4, -1/29 HPs)
             Began as a Kobold Monk on Nov 18, 2023.
             Hit by a goblin thrown by Robin (2 damage)
             ... on level 2 of the Dungeon.
             The game lasted 00:02:00 (1347 turns).

Monkfish the Cutter (Kobold Monk)                   Turns: 1347, Time: 00:02:01

Health: -1/29      AC:  4    Str:  8    XL:     4   Next: 52%
Magic:  4/4        EV: 16    Int: 11    God:
Gold:   46         SH:  0    Dex: 19    Spells: 3/3 levels left

rFire   . . .        k - +4 dagger
rCold   . . .        (no shield)
rNeg    . . .        b - +0 robe
rPois   .            a - +0 helmet
rElec   .            i - +0 cloak
rCorr   .            (no gloves)
SInv    +            (no boots)
Will    .....        (no amulet)
Stlth   +++          j - ring of see invisible
HPRegen 0.24/turn    (no ring)
MPRegen 0.09/turn

%: no passive effects
@: no status effects
A: small, no large weapons, nightstalker 3
a: no special abilities


You were on level 2 of the Dungeon.
You visited 1 branch of the dungeon, and saw 2 of its levels.

You collected 46 gold pieces.

Inventory:

Hand Weapons
 k - a +4 dagger (weapon)
Armour
 a - a +0 helmet (worn)
 b - a +0 robe (worn)
 d - an orb of light
 i - a +0 cloak (worn)
Jewellery
 f - a ring of fire
 j - a ring of see invisible (left hand)
Potions
 c - a potion of heal wounds {unknown}
 e - a potion of magic {unknown}
 g - a potion of lignification {unknown}
 l - a potion of mutation {unknown}


   Skills:
 + Level 3.7 Fighting
 * Level 5.2 Short Blades
 + Level 4.1 Dodging
 * Level 2.6 Stealth


You had 3 spell levels left.
You didn't know any spells.
Your spell library was empty.

Dungeon Overview and Level Annotations

Branches:
Dungeon (2/15)

Altars:

Annotations:
D:2 Robin


Innate Abilities, Weirdness & Mutations

You are small and have problems with some larger weapons.
You are completely attuned to the shadows.


Message History

The goblin is heavily wounded.
The goblin hits you with a +0 club.
You miss the goblin.
The goblin is heavily wounded.
The goblin hits you but does no damage.
Okay, then.
You barely miss the goblin.
The goblin is heavily wounded.
The goblin misses you.
You closely miss the goblin.
The goblin is heavily wounded.
You hit the goblin.
You kill the goblin!
You hit the goblin.
You kill the goblin!
Okay, then.
The goblin barely misses you.
Items here: )) ††.
You miss the goblin. You puncture the goblin!
You kill the goblin!
The goblin no longer looks unusually strong.
Robin throws the goblin at you!
Things that are here:
a +0 club; a goblin corpse
As you read the scroll labelled VOIRRA YPRADU, it crumbles to dust.
The creatures around you are filled with an inner flame!
It was a scroll of immolation.
The goblin hits you but does no damage.
The goblin shouts!
You hit the goblin.
Flame seeps out of the goblin.
The goblin is heavily wounded.
You hear a shout!
The goblin is engulfed in blazing flames.
The goblin explodes!
The fiery explosion engulfs you!!
Ouch! That really hurt!
* * * LOW HITPOINT WARNING * * *
Robin throws the goblin at you!
You die...
Robin lets out a smug laugh.

####################
#..................#
##.################.#
#....... g. #.#
#..#######.g. #.#
#..#g§g.g)g.. #..
#..#@#####g.. ###
##..#)# .. #...#.# #
## #...#†# .. #...#)#
## #.#.#)####
#.#.#.....
#.#....####..#
#.#......#...)


You could see Robin (inner flame) and 2 goblins.

Vanquished Creatures
  3 gnolls (D:2)
  A worm (D:2)
  2 dart slugs (D:1)
  A ball python (D:1)
  3 bats
  2 endoplasms
  A giant cockroach (D:2)
  9 goblins
  3 hobgoblins
  3 jackals (D:1)
  3 frilled lizards
  4 kobolds (D:1)
  A rat (D:1)
36 creatures vanquished.

Notes
Turn   | Place    | Note
-------+----------+-------------------------------------------
     0 | D:1      | Monkfish the Kobold Monk began the quest for the Orb.
     0 | D:1      | Reached XP level 1. HP: 14/14 MP: 1/1
    78 | D:1      | Reached XP level 2. HP: 12/19 MP: 2/2
    83 | D:1      | Reached skill level 1 in Stealth
   601 | D:1      | Reached XP level 3. HP: 20/23 MP: 3/3
  1284 | D:2      | Reached XP level 4. HP: 27/29 MP: 4/4
  1291 | D:2      | Reached skill level 5 in Short Blades
  1324 | D:2      | Noticed Robin
  1347 | D:2      | HP: 1/29 [spore (26)]
  1347 | D:2      | Hit by a goblin thrown by Robin

Illustrated notes

Levels and vault maps discovered:
D:1:      dpeg_arrival_ternary, layout_loops_ring
D:2:      layout_basic, serial_shops, nicolae_shop_stone, minmay_misc_feat_rows,
          uniq_robin

Skill      XL: |  1  2  3  4 |
---------------+-------------+-----
Stealth        | 1 2 |  2.6
Dodging        | 4 |  4.1
Short Blades   | 5 |  5.2
Fighting       | |  3.7

Action                     |  1- 3 |  4- 6 || total
---------------------------+-------+-------++-------
  Melee: Short sword       |    73 |       ||    73
         Dagger            |    31 |    23 ||    54
    Use: Potion            |     1 |       ||     1
         Scroll            |     2 |     1 ||     3
   Stab: Sleeping          |     7 |       ||     7
 Armour: Robe              |    50 |    10 ||    60
  Dodge: Dodged            |   112 |    11 ||   123

Table legend: (Time is in decaauts)
 A = Elapsed time spent in this place.
 B = Non-inter-level travel time spent in this place.
 C = Inter-level travel time spent in this place.
 D = Time resting spent in this place.
 E = Time spent auto-exploring this place.
 F = Levels seen in this place.
 G = Mean time per level.
                   A        B        C        D        E       F      G
               +--------+--------+--------+--------+--------+-----+--------+
         Total |   1318 |   1226 |     92 |      0 |    911 |   2 |  659.0 |
       Dungeon |   1318 |   1226 |     92 |      0 |    911 |   2 |  659.0 |
               +--------+--------+--------+--------+--------+-----+--------+

Top non-repeatable levels by time:
     D:1: 970 daAuts
     D:2: 348 daAuts
